AoeStats
← Barón de la Cerveza

Hideout

509979469Analyzed
1v1 RM · 4d ago on Sep 28, 2026· 29m 16s· 2 players
Game mode
Random Map
Map size
Tiny (2 player)
Population
200
Speed
Normal
Resources
Standard
Victory
Conquest
Starting age
Dark Age
Ending age
Imperial Age
RankedLock teamsTeams togetherTeam positionsShared explorationLock speedFull tech treeHidden civsTurbo modeCheats
Victory
Defeat
🇹🇷 Poles · Türkiye
1974
+11
🇲🇽 Saxons · Mexico
1872
-11
KARA___
9:11 Feudal Age
8:57 Loom
9:52 Double-Bit Axe
10:46 Fletching
15:40 Town Watch
16:24 Padded Archer Armor
18:18 Scale Barding Armor
19:45 Forging
20:39 Bloodlines
28:09 Castle Age
28:46 Bodkin Arrow
28:18 Light Cavalry
Barón de la Cerveza
10:11 Feudal Age
11:12 Loom
16:37 Castle Age
15:37 Double-Bit Axe
Connection lost

Rejoining the realm…

Still unreachable

The connection could not be restored.

Session expired

The server has moved on; the page needs a fresh start.